Map: Cosmic Sapphire

Players

Scarlett - Winner!

  • Race: Zerg Zerg
  • Spawn Location: 11:00

Geralt (Gerald)

  • Race: Protoss Protoss
  • League: Master
  • Spawn Location: 5:00

Event: HomeStory Cup XXII

VOD

Have the link to the VOD?

Description

Time

  • Played on: Dec. 17, 2022, 7:53 a.m.
  • Length: 15:05

All games in this series

Show
View Real Time Build Order
Export as new Build Order

Scarlett Zerg - Winner!

Build Orders: Hatch First 

Get SALT Encoding   

  12  0:00  Drone  
  13  0:12  Overlord  
  13  0:17  Drone  
  14  0:31  Drone x2  
  16  0:44  Drone  
  17  0:52  Hatchery  
  17  0:54  Drone  
  17  0:58  Drone  
  18  1:08  Extractor  
  17  1:12  Spawning Pool  
  17  1:15  Drone  
  17  1:19  Drone  
  18  1:28  Drone  
  19  1:39  Drone  
  20  1:49  Overlord  
  20  1:59  Queen  
  22  2:03  Zergling x2, Queen  
  22  2:04  Drone  
  26  2:12  Metabolic Boost  
  26  2:13  Zergling x2  
  26  2:14  Drone  
  28  2:22  Drone  
  29  2:30  Drone  
  29  2:32  Drone  
  31  2:38  Hatchery  
  31  2:43  Queen  
  32  2:48  Overlord  
  32  2:50  Drone  
  33  2:54  Drone  
  33  2:55  Zergling x2  
  36  2:58  Zergling x2  
  36  3:06  Zergling x2  
  36  3:07  Queen  
  36  3:12  Drone x3  
  42  3:16  Overlord  
  41  3:27  Spore Crawler  
  41  3:29  Spore Crawler  
  41  3:32  Drone x5  
  45  3:37  Overlord  
  45  3:38  Queen  
  47  3:44  Drone  
  47  3:45  Drone x2  
  50  3:54  Drone  
  50  3:55  Drone x3, Overlord  
  52  4:02  Overlord  
  52  4:06  Queen  
  52  4:07  Drone  
  56  4:10  Drone  
  56  4:13  Overlord  
  56  4:16  Drone x3  
  59  4:19  Spore Crawler  
  58  4:26  Drone x5  
  58  4:30  Evolution Chamber  
  62  4:33  Drone x2  
  64  4:42  Spore Crawler  
  59  4:49  Drone x7  
  59  4:52  Drone x3  
  67  4:56  Zerg Melee Weapons Level 1  
  67  4:57  Drone x2  
  69  5:00  Drone  
  69  5:02  Lair  
  69  5:04  Drone  
  71  5:09  Drone  
  70  5:16  Drone  
  70  5:17  Drone x2  
  70  5:20  Drone  
  70  5:21  Drone x5  
  78  5:23  Drone x4, Extractor  
  78  5:24  Extractor  
  80  5:28  Zergling x2  
  80  5:31  Hatchery  
  80  5:33  Zergling x2  
  80  5:35  Overlord  
  81  5:39  Baneling Nest  
  81  5:40  Overlord  
  81  5:42  Zergling x2  
  81  5:49  Overlord x3  
  81  5:57  Drone  
  81  5:58  Drone x7  
  81  5:59  Extractor  
  81  6:01  Zergling x2  
  86  6:05  Drone x2  
  86  6:11  Zergling x2  
  87  6:19  Zergling x4  
  87  6:20  Zergling x12  
  87  6:25  Centrifugal Hooks  
  95  6:26  Extractor  
  95  6:31  Queen x2  
  98  6:33  Zergling x10, Hatchery  
  98  6:38  Evolution Chamber  
  101  6:40  Spore Crawler, Infestation Pit  
  101  6:41  Spore Crawler  
  101  6:46  Spore Crawler x2  
  95  6:49  Overlord x3  
  88  6:55  Drone x5  
  88  7:00  Spore Crawler  
  86  7:03  Drone x6  
  90  7:13  Drone x5  
  90  7:14  Drone x3  
  96  7:19  Zergling x6  
  96  7:20  Hive  
  98  7:27  Zerg Ground Armor Level 1  
  98  7:28  Zerg Melee Weapons Level 2  
  98  7:41  Queen  
  98  7:42  Queen x2  
  98  7:43  Zergling x4  
  106  7:44  Spore Crawler  
  106  7:49  Zergling x14  
  112  7:56  Drone x8  
  117  8:06  Drone x6  
  117  8:11  Drone x5  
  128  8:16  Drone x7  
  128  8:17  Queen x2  
  130  8:27  Zergling x8  
  130  8:33  Viper  
  130  8:35  Viper  
  130  8:36  Viper  
  130  8:40  Zergling x2, Adrenal Glands  
  130  8:41  Zergling x10  
  142  8:43  Extractor  
  142  8:46  Zergling x6, Hatchery, Extractor x2  
  141  8:49  Zergling x6  
  144  8:59  Overlord x5  
  142  9:04  Drone  
  142  9:06  Ultralisk Cavern  
  137  9:17  Zergling x26, Drone  
  138  9:18  Zergling x6  
  154  9:26  Zerg Ground Armor Level 2  
  154  9:29  Overlord x2  
  154  9:30  Spore Crawler  
  153  9:42  Zergling x30  
  153  9:43  Baneling  
  153  9:44  Baneling x14  
  153  9:45  Zerg Melee Weapons Level 3  
  168  9:52  Chitinous Plating  
  168  9:55  Zergling x12  
  174  10:12  Zergling x30  
  171  10:23  Ultralisk x3  
  184  10:32  Drone x2  
  184  10:33  Drone x3  
  189  10:49  Ultralisk x2  
  199  10:57  Baneling x3, Unknown  
  199  10:58  Baneling x16, Hatchery  
  197  11:08  Baneling  
  197  11:09  Baneling x7  
  197  11:11  Anabolic Synthesis  
  197  11:13  Burrow  
  197  11:15  Baneling  
  197  11:16  Baneling x3  
  197  11:17  Spore Crawler x2  
  197  11:18  Spine Crawler  
  189  11:19  Spine Crawler  
  182  11:33  Ultralisk  
  182  11:39  Zergling x28  
  175  11:51  Ultralisk x2  
  175  11:53  Drone x8  
  176  11:57  Ultralisk  
  177  12:05  Drone x13  
  183  12:16  Drone x5  
  188  12:29  Drone x3  
  191  12:33  Ultralisk  
  195  12:47  Zergling x10  
  186  13:09  Ultralisk x2  
  186  13:12  Spire  
  186  13:13  Spire  
  184  13:21  Zergling x18  
  187  13:29  Ultralisk x2  
  190  13:35  Zergling x8  
  190  13:36  Zergling x12  
  180  13:56  Zergling x2, Ultralisk x3  
  180  13:57  Zergling x24  
  182  14:08  Ultralisk  
  182  14:09  Zergling x18, Ultralisk  
  171  14:17  Spore Crawler  
  171  14:21  Zergling x14  
  175  14:25  Baneling  
  175  14:26  Baneling x10  
  174  14:35  Zergling x18  
Show
View Real Time Build Order
Export as new Build Order

Geralt Protoss 

Build Orders: 1 Gate Expand, Oracle Opening 

Get SALT Encoding   

  12  0:00  Probe  
  13  0:12  Probe  
  14  0:19  Pylon  
  14  0:24  Probe  
  15  0:38  Probe (Chrono Boost)  
  15  0:40  Gateway  
  16  0:46  Probe (Chrono Boost)  
  16  0:48  Assimilator  
  17  0:52  Probe  
  18  1:04  Probe  
  19  1:16  Probe  
  20  1:25  Nexus  
  20  1:29  Probe  
  21  1:38  Cybernetics Core  
  21  1:41  Probe  
  22  1:48  Assimilator  
  22  1:53  Probe  
  23  1:55  Pylon  
  23  2:11  Adept (Chrono Boost)  
  23  2:13  Probe  
  26  2:22  Stargate  
  26  2:25  Probe  
  27  2:31  Adept (Chrono Boost)  
  30  2:37  Probe x2  
  30  2:39  Warp Gate  
  31  2:49  Probe x2  
  33  2:54  Adept  
  35  3:01  Probe  
  35  3:02  Probe  
  41  3:14  Void Ray (Chrono Boost)  
  41  3:15  Probe  
  41  3:16  Probe  
  41  3:18  Pylon  
  43  3:28  Probe x2  
  43  3:38  Pylon  
  43  3:40  Probe x2  
  43  3:41  Oracle (Chrono Boost)  
  45  3:47  Pylon  
  48  3:53  Probe  
  48  3:55  Probe  
  47  4:05  Probe  
  47  4:06  Gateway  
  47  4:07  Probe, Pylon  
  49  4:14  Assimilator  
  49  4:16  Nexus, Assimilator  
  49  4:18  Pylon  
  49  4:20  Probe  
  49  4:23  Probe  
  51  4:28  Adept  
  53  4:32  Probe  
  53  4:34  Stargate  
  53  4:36  Stargate  
  54  4:41  Probe  
  55  4:45  Probe  
  55  4:50  Phoenix (Chrono Boost)  
  58  4:53  Probe  
  58  4:56  Adept  
  58  4:58  Probe  
  62  5:00  Pylon  
  62  5:02  Shield Battery  
  62  5:05  Probe  
  63  5:09  Stalker  
  63  5:10  Probe  
  66  5:15  Phoenix (Chrono Boost)  
  66  5:17  Phoenix (Chrono Boost), Probe  
  71  5:22  Probe  
  71  5:26  Adept  
  74  5:28  Phoenix (Chrono Boost)  
  74  5:31  Probe x2  
  74  5:34  Probe  
  79  5:37  Phoenix (Chrono Boost)  
  79  5:42  Phoenix (Chrono Boost)  
  81  5:43  Probe  
  84  5:50  Probe x2  
  84  5:52  Phoenix  
  84  5:55  Probe, Assimilator  
  89  6:02  Probe x2  
  91  6:07  Phoenix (Chrono Boost)  
  91  6:08  Probe  
  88  6:11  Assimilator  
  88  6:14  Probe  
  88  6:17  Phoenix (Chrono Boost), Gateway  
  91  6:18  Gateway  
  91  6:19  Probe  
  91  6:20  Forge  
  91  6:22  Zealot  
  94  6:29  Shield Battery, Twilight Council  
  94  6:34  Phoenix  
  94  6:39  Probe  
  97  6:46  Adept x2  
  95  7:04  Oracle x2  
  99  7:10  Pylon  
  99  7:14  Pylon  
  98  7:16  Pylon  
  98  7:17  Pylon  
  98  7:19  Pylon x2  
  98  7:23  Photon Cannon  
  98  7:25  Gateway  
  98  7:26  Gateway  
  98  7:28  Charge (Chrono Boost), Probe, Gateway, Pylon  
  98  7:29  Probe  
  101  7:31  Gateway, Pylon  
  101  7:34  Templar Archives  
  101  7:36  Probe  
  105  7:40  Void Ray  
  105  7:42  Sentry  
  105  7:43  Zealot, Probe  
  110  7:51  Gateway  
  110  7:53  Gateway x2  
  110  7:57  Gateway  
  110  8:10  Phoenix x2, Probe  
  110  8:11  Zealot x2  
  112  8:19  Nexus  
  112  8:21  Pylon  
  110  8:27  Zealot  
  110  8:29  Zealot, High Templar x2  
  110  8:33  Archon  
  110  8:34  Zealot x2  
  115  8:35  Phoenix  
  115  8:38  Protoss Ground Weapons Level 1 (Chrono Boost)  
  115  8:41  Shield Battery  
  117  8:42  Photon Cannon  
  117  8:43  Probe  
  117  8:46  Assimilator  
  118  8:49  Probe  
  118  8:50  Pylon  
  118  8:51  Probe  
  120  9:00  Probe, High Templar x2  
  120  9:01  Zealot x3  
  131  9:09  Probe x2, Psionic Storm  
  133  9:10  Archon  
  133  9:12  Probe  
  133  9:16  Assimilator  
  134  9:21  Probe x2  
  134  9:22  Pylon  
  134  9:23  Zealot x2  
  140  9:24  Probe  
  140  9:29  High Templar x3  
  147  9:42  High Templar  
  147  9:43  Zealot x4  
  147  9:44  Probe, Protoss Air Weapons Level 1 (Chrono Boost)  
  158  9:47  Probe  
  158  9:49  Probe  
  158  9:50  Probe  
  161  9:53  Pylon  
  161  9:55  Gateway  
  161  9:56  Probe, Blink (Chrono Boost)  
  161  9:59  Gateway  
  162  10:02  High Templar  
  164  10:09  Stalker x4  
  157  10:24  Probe  
  157  10:26  Probe, Gateway  
  155  10:29  Zealot x5  
  163  10:39  Phoenix x2  
  166  10:43  High Templar x2  
  166  10:44  High Templar x2  
  166  10:45  Zealot  
  174  10:52  Archon x2  
  174  10:55  Pylon  
  174  10:58  Protoss Ground Weapons Level 2 (Chrono Boost)  
  174  10:59  Phoenix  
  176  11:04  Phoenix  
  176  11:07  Nexus  
  176  11:09  Zealot x4, Pylon  
  176  11:10  Zealot  
  186  11:25  Stalker x3  
  193  11:33  Stalker x3  
  197  11:41  Probe  
  197  11:42  Probe  
  195  11:53  Stalker x2  
  195  11:54  Stalker x7  
  197  11:58  Probe  
  197  11:59  Probe  
  183  12:05  Robotics Facility  
  183  12:07  Robotics Facility  
  169  12:13  Nexus  
  155  12:17  High Templar x4  
  155  12:18  Zealot x4  
  155  12:19  Zealot x3  
  169  12:24  Zealot x2  
  169  12:28  Pylon  
  173  12:30  Pylon  
  173  12:49  High Templar x2  
  173  12:50  Probe  
  172  12:54  Immortal, Stalker x3  
  172  12:55  Archon, Stalker x3  
  172  12:56  Sentry  
  179  13:11  Zealot  
  166  13:14  Stalker x2  
  166  13:15  Stalker  
  166  13:19  Zealot x2  
  166  13:20  Zealot x2  
  166  13:22  Probe  
  166  13:23  Probe x3  
  170  13:33  Zealot x2, Immortal (Chrono Boost)  
  168  13:34  Robotics Facility, Probe  
  168  13:35  Probe x2  
  171  13:42  High Templar x4  
  171  13:43  Gateway  
  171  13:45  Gateway  
  171  13:49  Archon  
  145  13:59  Zealot x3  
  145  14:00  Zealot x2  
  118  14:12  Probe  
  108  14:17  High Templar x4  
  108  14:18  Immortal (Chrono Boost)  
  108  14:19  Probe x2  
  108  14:22  Observer (Chrono Boost)  
  108  14:23  Archon x2  
  123  14:24  Stalker  
  123  14:25  Zealot x3  
  123  14:26  Zealot  
  123  14:31  Shield Battery  
  117  14:47  Zealot  
  117  14:48  Zealot x3  
  117  14:52  Archon  
  112  14:59  Archon  
Tags
 
Add a new tag
Caveats
  • Supply blocks, unpowered buildings, or Contaminate may cause inaccurate times.
  • Supply counts are checked every 10 seconds.